 Dungeon Crawl Stone Soup version bcrawl-1.27.6 (webtiles) character file.

Game seed: 15616511895817896105

154786 DogServant the Insei (level 3, -5/28 HPs)
             Began as a Vampire Martial Artist on Oct 5, 2020.
             Was a Believer of Wu Jian.
             Slain by a worm (10 damage)
             ... on level 2 of the Dungeon.
             The game lasted 00:03:32 (1045 turns).

DogServant the Insei (Vampire Martial Artist)       Turns: 1045, Time: 00:03:32

Health: -5/28      AC:  2    Str: 13 (15) XL:     3   Next: 85%
Magic:  6/6        EV: 13    Int:  6 (9)  God:    Wu Jian [**....]
Gold:   40         SH:  0    Dex: 13 (16) Spells: 5/6 levels left

rFire    . . .     SeeInvis +     - Claws (11.4)
rCold    + . .     Gourm    .   (no shield)
rNeg     + + .     Faith    .   a - +0 robe
rPois    ∞         Spirit   .   (no helmet)
rElec    .         Reflect  .   (no cloak)
rCorr    .         Harm     .   (no gloves)
MR       .....                  (no boots)
Stlth    ++++......             (no amulet)
HPRegen  0.04/turn              (no ring)
MPRegen  0.10/turn              (no ring)

@: regenerating slowly
A: claws 1, fangs 3, see invisible, unbreathing
a: Wall Jump, Serpent's Lash, Renounce Religion


You were on level 2 of the Dungeon.
You worshipped Wu Jian.
Wu Jian was pleased with you.
You were thirsty.

You visited 1 branch of the dungeon, and saw 2 of its levels.

You collected 40 gold pieces.

Inventory:

Armour
 a - a +0 robe (worn)
 g - a +0 pair of boots
Scrolls
 e - 3 scrolls of teleportation {unknown}
 h - 2 scrolls of identify
Potions
 b - 2 potions of agility
 d - a potion of lignification {unknown}
 f - a potion of flight {unknown}
 i - a potion of mutation {unknown}
 q - 12 potions of blood


   Skills:
 - Level 2.6 Fighting
 - Level 3.2 Dodging
 - Level 1.7 Stealth
 + Level 5.0 Unarmed Combat
 + Level 2.1 Spellcasting
 + Level 3.4 Hexes


You had 5 spell levels left.
You knew the following spells:

 Your Spells              Type           Power        Failure   Level  Hunger
a - Confusing Touch       Hex            #.......     10%         1    None
Your spell library was empty.

Dungeon Overview and Level Annotations

Branches:
Dungeon (2/12)

Altars:


Innate Abilities, Weirdness & Mutations

You heal slowly.
You are immune to poison.
You have sharp fingernails.
You have razor-sharp teeth.
You have supernaturally acute eyesight. (SInv)
You can survive without breathing.


Message History

The hobgoblin misses you.
The hobgoblin hits you but does no damage.
Aiming: Wall Jump
Press: ? - help, Dir - move target cursor You repeatedly attack the hobgoblin from above.
You barely miss the hobgoblin. You claw the hobgoblin!
You kill the hobgoblin!
The Council accepts your kill.
You see here a cursed -1 club.
Things that are here:
a +0 club; a +0 animal skin; a +2 helmet
There is nothing to wall jump against here.
Aiming: Wall Jump
Press: ? - help, Dir - move target cursor You repeatedly attack the worm from above.
You barely miss the worm. You scratch the worm but do no damage.
You bite the worm.
The worm is lightly wounded.
The worm bites you!
You die...

.......#####)†........
###..........)........
#.......gw.††.......
#......#.#######.#..
#......#g#.....# #
#......#.#.#w#.#
#......#)g.#.#
#......#####.#####
#......#). #.#@○.#
#.#.#w#.# #.....#.#
#######.# #.# #.. ###


You could see a worm.

Vanquished Creatures
  Robin (D:2)
  An ooze (D:1)
  A dart slug (D:1)
  4 leopard geckos (D:1)
  2 bats (D:1)
  4 giant cockroaches
  3 hobgoblins
  A ball python (D:1)
  2 frilled lizards (D:1)
  13 goblins
  A kobold (D:1)
  3 rats (D:1)
36 creatures vanquished.

Notes
Turn   | Place    | Note
-------+----------+-------------------------------------------
     0 | D:1      | DogServant the Vampire Martial Artist began the quest for
                  | the Orb.
     0 | D:1      | Reached XP level 1. HP: 17/17 MP: 2/2
   332 | D:1      | Reached XP level 2. HP: 23/23 MP: 3/3
   711 | D:1      | Reached XP level 3. HP: 28/28 MP: 5/5
   952 | D:2      | Reached ** piety under Wu Jian
  1005 | D:2      | Noticed Robin
  1023 | D:2      | HP: 1/28 [Robin/goblin (1)]
  1040 | D:2      | Killed Robin
  1040 | D:2      | Reached skill level 5 in Unarmed Combat
  1045 | D:2      | Slain by a worm

Skill      XL: |  1  2  3 |
---------------+----------+-----
Hexes          | 2 3 |  3.4
Spellcasting   | 2 |  2.1
Unarmed Combat | 5 |  5.0
Fighting       | |  2.6
Dodging        | |  3.2
Stealth        | |  1.7

Action                   || total
-------------------------++-------
Melee: Unarmed           ||    77
       Bite              ||     8
       Punch             ||     1
 Cast: Confusing Touch   ||     1
Invok: Lunge             ||    12
       Whirlwind         ||    12
 Abil: Wall Jump         ||     7
  Use: Potion            ||     2
 Stab: Sleeping          ||     6
Armor: Robe              ||    12
Dodge: Dodged            ||    31
